 Dungeon Crawl Stone Soup version 0.31-a0-806-g0bc164a743 (webtiles) character file.

Game seed: 18171513969335608188

7 GordonOverkill the Sneak (level 2, 0/25 HPs)
             Began as a Djinni Delver on Sept 21, 2023.
             Slain by an orc
             ... wielding a +4 dagger of protection
              (6 damage)
             ... on level 4 of the Dungeon.
             The game lasted 00:03:10 (461 turns).

GordonOverkill the Sneak (Djinni Delver)             Turns: 461, Time: 00:03:11

Health: 0/25       AC:  3    Str: 11    XL:     2   Next: 10%
Gold:   18         EV: 12    Int: 11    God:
                   SH:  0    Dex: 14

rFire   + + .        a - +0 short sword
rCold   x . .        (no shield)
rNeg    . . .        b - +0 leather armour
rPois   ∞            d - +0 hat
rElec   .            (no cloak)
rCorr   .            (no gloves)
SInv    .            (boots unavailable)
Will    .....        (no amulet)
Stlth   ++           (no ring)
HPRegen 0.24/turn    (no ring)
MPRegen 0.00/turn

%: infuse magic (-1 HP)
@: flying
A: sickness immunity, fire resistance 2, cold vulnerability 1, float, innate
caster, HP casting, extra vitality 1
a: no special abilities


You were on level 4 of the Dungeon.
You visited 1 branch of the dungeon, and saw 4 of its levels.

You collected 18 gold pieces.

Inventory:

Hand Weapons
 a - a +0 short sword (weapon)
Armour
 b - a +0 leather armour (worn)
 d - a +0 hat (worn)
Wands
 g - a wand of digging (3)
Scrolls
 c - a scroll of fog
Potions
 e - a potion of brilliance {unknown}
 f - a potion of haste
 i - a potion of heal wounds {unknown}
 j - a potion of enlightenment {unknown}


   Skills:
 - Level 3.0 Fighting
 - Level 2.0 Short Blades
 - Level 2.2 Dodging
 - Level 4.1 Stealth
 + Level 0.4 Spellcasting
 + Level 0.4 Conjurations
 + Level 0.4 Hexes
   Level 0.0 Charms
 + Level 0.4 Summonings
 + Level 0.4 Necromancy
 + Level 0.4 Translocations
 + Level 0.4 Transmutations
 + Level 0.4 Fire Magic
 + Level 0.4 Ice Magic
 + Level 0.4 Air Magic
 + Level 0.4 Earth Magic
 + Level 0.4 Poison Magic You didn't know any spells. Your spell library was empty.

Dungeon Overview and Level Annotations

Branches:
Dungeon (6/15)
 Temple: D:4-7

Altars:

Annotations:
D:4 3 runed translucent doors, Opifex's ghost, amateur TrMo


Innate Abilities, Weirdness & Mutations

You are immune to sickness and miasma.
You are immune to poison.
Your flesh is very heat resistant. (rF++)
You are vulnerable to cold. (rC-)
You float through the air rather than walking.
You learn spells naturally, not from books.
Your magical power is your life essence.
You have superior vitality. (+4 MHP)


Message History

The orc closely misses you.
You barely miss the orc.
The orc is heavily wounded.
The orc hits you with a +0 flail.
You are too injured to fight recklessly!
You are too injured to fight recklessly!
You are too injured to fight recklessly!
You hit the orc but do no damage.
The orc is heavily wounded.
The orc jeers loudly.
You hit the orc but do no damage. The orc hits you but does no damage.
The orc hits you with a +4 dagger of protection.
* * * LOW HITPOINT WARNING * * *
Things that are here:
a +0 club; a kobold corpse You hit the orc.
The orc is almost dead.
The orc misses you.
You hit the orc but do no damage.
The orc is almost dead.
The orc hits you with a +0 flail.
* * * LOW HITPOINT WARNING * * *
You closely miss the orc.
The orc is almost dead.
The orc barely misses you.
You barely miss the orc.
The orc is almost dead.
You hit the orc.
You kill the orc!
You have reached level 2!
The orc shouts!
You hit the orc.
The orc is heavily wounded.
The orc hits you with a +4 dagger of protection.
* * * LOW HITPOINT WARNING * * *
The air fills with toxic fumes!
As you read the scroll labelled HEOMYA MEHIYLE, it crumbles to dust.
It was a scroll of poison.
The orc hits you with a +4 dagger of protection.
You die...

#.#..##.#
#.§§§...#
#..§§§### #####
#...§§# .
....########§####
..
#....######§§#§#
..#
#.......o.#o§##
...###......####o#
....###o..### ##@#
.........## ##§§#
........## #§§§#
.......## ##§#§##
......## ##§###§#
#.....# #§§# #§#
##......####§##
#§# ##........§§#
### #.....#....##


You could see 2 orcs.

Vanquished Creatures
  2 orcs (D:4)
  2 goblins (D:4)
  A kobold (D:4)
5 creatures vanquished.

Notes
Turn   | Place    | Note
-------+----------+-------------------------------------------
     0 | D:5      | GordonOverkill the Djinni Delver began the quest for the
                  | Orb.
     0 | D:5      | Reached XP level 1. HP: 20/20 MP: 0/0
     1 | D:6      | Noticed a hound
    57 | D:5      | Noticed a black bear
   154 | D:4      | Found a runed translucent gate.
   154 | D:4      | Found a runed translucent gate.
   155 | D:4      | Found a runed translucent gate.
   156 | D:4      | Noticed Opifex's ghost (amateur TrMo)
   460 | D:4      | Reached XP level 2. HP: 11/25 MP: 0/0
   461 | D:4      | Slain by an orc

Illustrated notes

Levels and vault maps discovered:
D:3:      layout_loops_ring, mainiacjoe_overflow_tiny_flanked,
          nicolae_overflow_ecumenical_swirl, kennysheep_big_empty_room,
          grunt_ministairs_5, kennysheep_crisscross, minmay_misc_feat_columns,
          amcnicky_mini_rare_corridor_liquid, nicolae_wormholes
D:4:      layout_layer_cave, minmay_temple_entry_tees, ebering_ghost_rock_garden
D:5:      layout_basic, ebering_ghost_reflecting_pool, uniq_ijyb
D:6:      layout_rooms, nrook_pool_corridor, uniq_blork_the_orc

Skill      XL: |  1 |
---------------+----+-----
Short Blades   | 2 |  2.0
Fighting       | |  3.0
Dodging        | |  2.2
Stealth        | |  4.1
Spellcasting   | |  0.4
Conjurations   | |  0.4
Hexes          | |  0.4
Summonings     | |  0.4
Necromancy     | |  0.4
Translocations | |  0.4
Transmutations | |  0.4
Fire Magic     | |  0.4
Ice Magic      | |  0.4
Air Magic      | |  0.4
Earth Magic    | |  0.4
Poison Magic   | |  0.4

Action                     || total
---------------------------++-------
  Melee: Short sword       ||    30
    Use: Scroll            ||     3
 Armour: Leather armour    ||    12
  Dodge: Dodged            ||    14

Table legend: (Time is in decaauts)
 A = Elapsed time spent in this place.
 B = Non-inter-level travel time spent in this place.
 C = Inter-level travel time spent in this place.
 D = Time resting spent in this place.
 E = Time spent auto-exploring this place.
 F = Levels seen in this place.
 G = Mean time per level.
                   A        B        C        D        E       F      G
               +--------+--------+--------+--------+--------+-----+--------+
         Total |    458 |    458 |      0 |      2 |      0 |   4 |  114.5 |
       Dungeon |    458 |    458 |      0 |      2 |      0 |   4 |  114.5 |
               +--------+--------+--------+--------+--------+-----+--------+

Top non-repeatable levels by time:
     D:4: 374 daAuts
     D:5: 80 daAuts
     D:6: 1 daAuts
     D:3: 1 daAuts
